 Dungeon Crawl Stone Soup version 0.22-a0-355-g201945fe43 (webtiles) character file.

61 KleinerIrrer the Firebug (level 4, -1/36 HPs)
             Began as a Naga Fire Elementalist on Apr 18, 2018.
             Slain by a quokka (2 damage)
             ... on level 2 of the Dungeon.
             The game lasted 00:05:51 (1827 turns).

KleinerIrrer the Firebug (Naga Fire Elementalist)   Turns: 1827, Time: 00:05:52

Health: -1/36      AC:  2    Str: 10    XL:     4   Next: 7%
Magic:  1/8        EV:  9    Int: 17    God:
Gold:   60         SH:  0    Dex: 11    Spells: 7/8 levels left

rFire    . . .     SeeInvis +   d - +0 dagger
rCold    . . .     Gourm    .   (no shield)
rNeg     . . .     Faith    .   g - +0 leather armour (curse)
rPois    +         Spirit   .   (no helmet)
rElec    .         Reflect  .   (no cloak)
rCorr    .         Harm     .   (no gloves)
MR       .....                  (no barding)
Stlth    ++........             (no amulet)
HPRegen  0.12/turn              (no ring)
MPRegen  0.11/turn              (no ring)

@: very slightly contaminated, very slow
A: large, see invisible, deformed body, poison resistance, slowness 2, slow
metabolism 1, spit poison 1, AC +1
a: Spit Poison


You were on level 2 of the Dungeon.
You were very hungry.

You visited 1 branch of the dungeon, and saw 3 of its levels.

You collected 60 gold pieces.

Inventory:

Hand Weapons
 d - a +0 dagger (weapon)
Armour
 a - a +0 robe
 g - a cursed +0 leather armour (worn)
Scrolls
 b - 3 scrolls of identify {unknown}
 e - a scroll of amnesia
 f - 3 scrolls of fear {unknown}
 i - a scroll of enchant armour {unknown}
 j - a scroll of teleportation
 k - 3 scrolls of enchant weapon {unknown}
 l - a scroll of noise {unknown}
Comestibles
 c - 5 rations


   Skills:
 - Level 1.5 Dodging
 - Level 3.0 Stealth
 + Level 2.7 Spellcasting
 + Level 2.2 Conjurations
 + Level 3.6 Fire Magic


You had 7 spell levels left.
You knew the following spells:

 Your Spells              Type           Power        Failure   Level  Hunger
a - Flame Tongue          Conj/Fire      ##...        7%          1    #......


Dungeon Overview and Level Annotations

Branches:
Dungeon (3/15)

Altars:
The Shining One


Innate Abilities, Weirdness & Mutations

You cannot wear boots.
Your serpentine skin is tough. (AC +1)
You have supernaturally acute eyesight. (SInv)
Armour fits poorly on your strangely shaped body.
Your system is resistant to poisons. (rPois)
You cover ground very slowly.
You have a slow metabolism.
You can spit poison.


Message History

The splash of poison misses the quokka.
You feel slightly more hungry. The quokka bites you.
* * * LOW HITPOINT WARNING * * *
The quokka bites you.
* * * LOW HITPOINT WARNING * * *
You climb upwards.
There is a stone staircase leading down here.
You aren't carrying any potions.
The quokka bites you.
* * * LOW HITPOINT WARNING * * *
You have got your breath back.
The quokka bites you.
* * * LOW HITPOINT WARNING * * *
You miss the quokka.
The quokka is moderately wounded.
The quokka closely misses you.
You hit the quokka.
The quokka is severely wounded.
The quokka bites you.
You die...

######.##.###.#####..........#
#............#.########.# #
#.##.###.##....# #.# ## #.##.#
#.##....########.# .#
#.##.###................####
.#
#.##.......[.....######.....
.# #.#######....>..## ######
## #.# #.#.r..## #
#.#######.#@...# #
#.....)........# #
#..########...## # ##..###
####.###### #
#.....####.........# #
#####................#.# #
#...#...#.##.......#.#.# #
#.#....#...........#.#.# #
#...#.###.##.......#.#.# #


You could see a quokka.

Vanquished Creatures
  An adder (D:3)
  An ooze (D:1)
  3 dart slugs
  2 leopard geckos
  2 giant cockroaches (D:1)
  2 goblins
  7 hobgoblins
  7 kobolds
  A quokka (D:2)
  6 bats
  2 frilled lizards (D:1)
  3 rats
37 creatures vanquished.

Notes
Turn   | Place    | Note
-------+----------+-------------------------------------------
     0 | D:1      | KleinerIrrer the Naga Fire Elementalist began the quest for the Orb.
     0 | D:1      | Reached XP level 1. HP: 15/15 MP: 3/3
   169 | D:1      | Reached XP level 2. HP: 22/22 MP: 0/5
   546 | D:1      | HP: 1/22 [hobgoblin (1)]
   880 | D:1      | Reached XP level 3. HP: 25/28 MP: 2/6
  1577 | D:2      | Found a glowing golden altar of the Shining One.
  1752 | D:2      | Found a faded altar of an unknown god.
  1815 | D:3      | Reached XP level 4. HP: 20/36 MP: 0/8
  1825 | D:2      | HP: 1/36 [quokka (2)]
  1827 | D:2      | Slain by a quokka

Vault maps used:
D:1:      lemuel_arrival_room, minmay_pentomino_z2
D:2:      nicolae_tso_carved_into_rock, chequers_ecumenical_altar_lobes
D:3:      lemuel_coloured_pillars_altar, uniq_crazy_yiuf_cottage

Skill      XL: |  1  2  3 |
---------------+----------+-----
Conjurations   | 2 |  2.2
Dodging        | |  1.5
Stealth        | |  3.0
Spellcasting   | |  2.7
Fire Magic     | |  3.6

Action                   |  1- 3 |  4- 6 || total
-------------------------+-------+-------++-------
Melee: Unarmed           |    13 |       ||    13
       Dagger            |    11 |     6 ||    17
 Cast: Flame Tongue      |    46 |     2 ||    48
 Abil: Spit Poison       |    16 |     1 ||    17
  Use: Scroll            |     2 |       ||     2
  Eat: Chunk             |     2 |       ||     2
Armor: Robe              |     1 |       ||     1
       Leather armour    |    10 |     1 ||    11
Dodge: Dodged            |    31 |     2 ||    33

Table legend:
 A = Spawn XP
 B = Non-spawn XP
 C = Spawn XP percentage of total XP
 D = Spawn monster count
 E = Non-spawn monster count
 F = Spawn count percentage of total count
 G = Total turns spent on level
                    A         B        C        D         E        F      G
               +---------+---------+-------+---------+---------+-------+---------
         Total |       0 |      88 |   0.0 |       0 |      37 |   0.0 |  1827
               +---------+---------+-------+---------+---------+-------+---------
           D:1 |       0 |      50 |   0.0 |       0 |      25 |   0.0 |  1187
           D:2 |       0 |      23 |   0.0 |       0 |       9 |   0.0 |   624
           D:3 |       0 |      15 |   0.0 |       0 |       3 |   0.0 |    16
               +---------+---------+-------+---------+---------+-------+---------
